 Dungeon Crawl Stone Soup version 0.30.1-4-g462c640d31 (webtiles) character file.

Game seed: 17275231432323989330

192 rakiston the Firebug (level 5, -4/39 HPs)
             Began as a Demonspawn Fire Elementalist on Aug 11, 2023.
             Was an Initiate of Ashenzari.
             Slain by an iguana (7 damage)
             ... on level 5 of the Dungeon on Aug 12, 2023.
             The game lasted 00:40:44 (4237 turns).

rakiston the Firebug (Demonspawn Fire Elementalist) Turns: 4237, Time: 00:40:45

Health: -4/39      AC:  5    Str:  8    XL:     5   Next: 42%
Magic:  8/8        EV: 12    Int: 18    God:    Ashenzari [......]
Gold:   262        SH:  0    Dex: 14    Spells: 3/8 levels left

rFire   . . .        j - staff of cold
rCold   + . .        (no shield)
rNeg    . . .        a - +0 robe
rPois   .            y - +1 helmet
rElec   .            (no cloak)
rCorr   .            c - +0 pair of gloves
SInv    .            (no boots)
Will    +....        (no amulet)
Stlth   ++           k - ring of willpower
HPRegen 0.26/turn    (no ring)
MPRegen 0.22/turn

%: no passive effects
@: no status effects
A: hooves 1, magic regeneration
a: Renounce Religion


You were on level 5 of the Dungeon.
You worshipped Ashenzari.
Ashenzari was noncommittal.
You visited 1 branch of the dungeon, and saw 5 of its levels.

You collected 262 gold pieces.

Inventory:

Hand Weapons
 f - a +1 vampiric trident
Missiles
 t - 9 poisoned darts
Armour
 a - a +0 robe (worn)
 c - a +0 pair of gloves (worn)
 w - the +3 leather armour of the Evening {-Tele rN+ Dex+3}
   (You found it on level 3 of the Dungeon)

   Dex:       It affects your dexterity (+3).
   rN:        It protects you from negative energy.
   -Tele:     It prevents most forms of teleportation.
 y - a +1 helmet (worn)
Magical Staves
 j - a staff of cold (weapon)
Jewellery
 k - a ring of willpower (left hand)
 p - a ring of flight
Scrolls
 b - a scroll of noise
 d - a scroll of identify
 e - 3 scrolls of immolation
 m - a scroll of butterflies
 n - a scroll of blinking
 r - a scroll of enchant armour {unknown}
 v - a scroll of amnesia {unknown}
Potions
 i - 2 potions of ambrosia
 l - a potion of lignification
 o - a potion of attraction
 q - a potion of heal wounds {unknown}
 u - a potion of flight {unknown}


   Skills:
 - Level 2.4 Fighting
 - Level 1.7 Dodging
 - Level 1.7 Stealth
 - Level 2.0 Spellcasting
 + Level 1.1 Conjurations
 + Level 5.0 Fire Magic


You had 3 spell levels left.
You knew the following spells:

 Your Spells              Type           Power      Damage    Failure   Level
a - Foxfire               Conj/Fire      48%        2x1d6     5%          1
b - Flame Wave            Conj/Fire      12%        2d6       45%         4

Your spell library contained the following spells:

 Spells                   Type           Power      Damage    Failure   Level
 Scorch                   Fire           38%        2d6       3%          2
 Inner Flame              Hex/Fire       10%        N/A       19%         3
 Volatile Blastmotes      Fire/Tloc      20%        2d11      19%         3


Dungeon Overview and Level Annotations

Branches:
Dungeon (5/15)
 Temple: D:4-7

Altars:
Ashenzari
Okawaru
Trog
Yredelemnul

Annotations:
D:2 1 runed translucent door, Crazy Yiuf


Innate Abilities, Weirdness & Mutations

You have large cloven feet.
You regenerate magic rapidly.


Message History

The dart slug is heavily wounded.
Casting: Foxfire (safe; 5% risk of failure)
Confirm with . or Enter, or press ? or * to list all spells.
You conjure some foxfire!
The foxfire hits the dart slug.
The dart slug is almost dead.
Casting: Foxfire (safe; 5% risk of failure)
Confirm with . or Enter, or press ? or * to list all spells.
You conjure some foxfire!
The foxfire hits the dart slug.
You kill the dart slug!
You see here a dart slug corpse.
Found a spear.
You open the door.
There is an open door here.
An iguana comes into view.
The iguana hisses angrily.
You completely miss the iguana. You kick the iguana, but do no damage.
The iguana bites you!
You hit the iguana. Your kick misses the iguana.
The iguana is lightly wounded.
The iguana barely misses you. The iguana bites you!
You hit the iguana. You kick the iguana.
The iguana is moderately wounded.
The iguana bites you.
You hit the iguana but do no damage. You kick the iguana, but do no damage.
The iguana is moderately wounded.
The iguana bites you!
* * * LOW HITPOINT WARNING * * *
You closely miss the iguana. You kick the iguana.
The iguana is heavily wounded.
The iguana bites you but does no damage.
You hit the iguana but do no damage. Your kick misses the iguana.
The iguana is heavily wounded.
The iguana hisses menacingly.
The iguana bites you!
* * * LOW HITPOINT WARNING * * *
You hit the iguana but do no damage.
The iguana is heavily wounded.
The iguana bites you!
You die...

.#####.## #.......#
#.......# ........+
..........#
..........#
.........###
#####.# #.......'.#
#.@l..# #.......#.#
#.##### #.......#.#
#.# +..)....#.###.#
#.......#.....#
#..##.######### ###
#.#
#.#################
#....†............#


You could see an iguana.

Vanquished Creatures
  A hound (D:2)
  An iguana (D:4)
  An orc wizard (D:4)
  2 adders (D:2)
  An ufetubus (D:3)
  A worm (D:2)
  2 dart slugs
  11 orcs
  12 ball pythons
  6 endoplasms
  4 giant cockroaches (D:3)
  4 goblins
  3 hobgoblins
  11 kobolds
  4 quokkas
  A bat (D:1)
  A frilled lizard (D:3)
  3 rats
69 creatures vanquished.

Vanquished Creatures (collateral kills)
  A foxfire (D:3)
1 creature vanquished.

Vanquished Creatures (others)
  An orc (D:4)
  A quokka (D:5)
  233 foxfires
235 creatures vanquished.

Grand Total: 305 creatures vanquished

Notes
Turn   | Place    | Note
-------+----------+-------------------------------------------
     0 | D:1      | rakiston the Demonspawn Fire Elementalist began the quest
                  | for the Orb.
     0 | D:1      | Reached XP level 1. HP: 13/13 MP: 3/3
   327 | D:1      | Reached skill level 3 in Fire Magic
   424 | D:1      | Gained mutation: You regenerate magic rapidly. [demonic
                  | ancestry]
   424 | D:1      | Reached XP level 2. HP: 16/20 MP: 1/5
   499 | D:1      | Reached skill level 1 in Fighting
  1011 | D:2      | Reached XP level 3. HP: 26/26 MP: 3/6
  1446 | D:2      | Found a runed translucent door.
  1447 | D:2      | Noticed Crazy Yiuf
  1563 | D:2      | Reached skill level 4 in Fire Magic
  1563 | D:2      | Gained mutation: You have large cloven feet. [demonic
                  | ancestry]
  1563 | D:2      | Reached XP level 4. HP: 33/33 MP: 4/7
  1919 | D:3      | Found an iron altar of Okawaru.
  2200 | D:3      | Found a faded altar of an unknown god.
  2323 | D:3      | Found a basalt altar of Yredelemnul.
  2748 | D:3      | Identified the +3 leather armour of the Evening {-Tele rN+
                  | Dex+3}
  3166 | D:4      | Found a bloodstained altar of Trog.
  3170 | D:4      | Found a broken altar of Ashenzari.
  3185 | D:4      | Reached XP level 5. HP: 18/38 MP: 1/8
  3203 | D:4      | Became a worshipper of Ashenzari the Shackled
  3521 | D:4      | Noticed a phantom
  3606 | D:4      | Learned a level 4 spell: Flame Wave
  3937 | D:5      | Entered Level 5 of the Dungeon
  3940 | D:5      | Reached skill level 5 in Fire Magic
  3964 | D:5      | Noticed an ogre
  4002 | D:5      | Noticed a water moccasin
  4237 | D:5      | Slain by an iguana

Illustrated notes

Levels and vault maps discovered:
D:1:      kennysheep_arrival_forest, layout_basic, minmay_misc_feat_four_crosses
D:2:      layout_loops_ring, uniq_crazy_yiuf_cottage
D:3:      layout_loops_corners, mainiacjoe_overflow_alcove_2,
          okawaru_gym_becter, dreamdust_ecumenical_altar_angels_and_demons,
          minmay_gold_behind_fungi, roderic_lattice_a, grunt_ministairs_8
D:4:      layout_basic, vehumet_altar_wand_db, grunt_temple_overflow_open
D:5:      minmay_spotlight, layout_basic, elyvilon_altar_4,
          minmay_temple_entry_glassed_door

Skill      XL: |  1  2  3  4  5 |
---------------+----------------+-----
Fire Magic     | 3 4 5 |  5.0
Fighting       | 1 2 |  2.4
Dodging        | |  1.7
Stealth        | |  1.7
Spellcasting   | |  2.0
Conjurations   | |  1.1

Action                     |  1- 3 |  4- 6 || total
---------------------------+-------+-------++-------
  Melee: Unarmed           |     5 |    19 ||    24
         Kick              |       |    11 ||    11
         Staff             |       |     7 ||     7
   Cast: Foxfire           |    57 |    99 ||   156
    Use: Potion            |     1 |     5 ||     6
         Scroll            |     4 |     8 ||    12
 Armour: Robe              |     1 |    27 ||    28
  Dodge: Dodged            |    25 |    62 ||    87
